Map: Post-Youth LE

Players

NIgHtt

  • Race: Terran Terran
  • League: Gold
  • Spawn Location: 1:00

ohmygodism - Winner!

  • Race: Terran Terran
  • League: Gold
  • Spawn Location: 7:00

VOD

Have the link to the VOD?

Description

Time

  • Played on: Aug. 12, 2024, 12:53 a.m.
  • Length: 10:12
Show
View Real Time Build Order
Export as new Build Order

NIgHtt Terran 

Build Orders: Gas First Reaper Expand 

Get SALT Encoding   

  12  0:00  SCV  
  13  0:17  Supply Depot  
  13  0:24  SCV  
  13  0:27  Refinery  
  14  0:39  Barracks  
  14  0:45  SCV  
  15  0:59  SCV  
  16  1:11  SCV  
  17  1:26  Reaper  
  18  1:33  Orbital Command  
  18  1:51  Command Center  
  18  2:00  SCV  
  19  2:13  SCV  
  20  2:17  Barracks  
  20  2:32  SCV  
  20  2:36  Barracks Reactor  
  21  2:39  Refinery  
  21  2:44  Factory, SCV  
  22  2:56  SCV  
  23  3:08  Barracks Tech Lab  
  23  3:09  SCV x2  
  25  3:20  Supply Depot  
  25  3:21  Marine x2, SCV  
  25  3:26  Orbital Command  
  28  3:29  Factory Reactor  
  28  3:32  Starport  
  28  3:33  SCV  
  29  3:36  Marine  
  30  3:45  SCV  
  30  3:46  Stimpack, Marine x2  
  33  3:54  Marine, SCV  
  35  3:59  SCV  
  36  4:04  Marine x2  
  38  4:12  Marine  
  39  4:19  Medivac x2  
  39  4:20  SCV x2  
  45  4:26  Marine x2  
  45  4:27  Supply Depot  
  45  4:31  Marine, Supply Depot  
  48  4:32  Factory Tech Lab  
  48  4:33  SCV  
  49  4:39  SCV  
  49  4:45  Engineering Bay, Marine  
  51  4:46  Marine  
  51  4:48  Engineering Bay  
  51  4:51  SCV x2  
  54  4:52  Marine  
  55  5:03  Marine, SCV  
  55  5:04  Marine  
  58  5:10  Marine, SCV  
  60  5:15  SCV  
  60  5:17  Terran Infantry Weapons Level 1  
  60  5:20  Marine  
  62  5:22  SCV  
  62  5:23  Marine  
  62  5:26  Terran Infantry Armor Level 1  
  62  5:27  SCV  
  62  5:28  Marine  
  65  5:34  SCV  
  53  6:05  Marine  
  53  6:06  Marine  
  53  6:08  Marine  
  53  6:09  SCV  
  47  6:37  Orbital Command  
  40  6:54  Marine  
  9  8:35  Orbital Command  
Show
View Real Time Build Order
Export as new Build Order

ohmygodism Terran - Winner!

Build Orders: Command Center First 

Get SALT Encoding   

  12  0:01  SCV  
  13  0:13  SCV  
  14  0:25  SCV  
  15  0:29  Supply Depot  
  15  0:56  Command Center  
  15  0:57  SCV  
  16  1:10  Barracks  
  16  1:16  SCV  
  17  1:22  Supply Depot  
  17  1:31  SCV  
  18  1:37  Refinery  
  18  1:50  Refinery  
  18  1:52  Barracks  
  18  1:56  Marine  
  19  2:02  Refinery  
  19  2:03  SCV  
  20  2:15  SCV  
  21  2:17  SCV  
  21  2:20  Marine  
  23  2:38  Marine  
  23  2:43  Factory  
  24  2:45  Barracks Tech Lab  
  24  2:46  SCV  
  24  2:49  SCV  
  26  2:56  Marine  
  27  2:58  SCV  
  27  3:01  SCV  
  27  3:04  Stimpack  
  29  3:07  Marine  
  30  3:13  SCV  
  30  3:16  SCV  
  32  3:27  Starport  
  32  3:28  SCV  
  32  3:30  Marine  
  32  3:31  Marine  
  35  3:34  SCV  
  35  3:40  SCV  
  37  3:46  SCV  
  38  3:51  Marine  
  38  3:52  Marine, SCV  
  41  3:58  SCV  
  42  4:03  Medivac  
  42  4:04  SCV  
  42  4:08  Engineering Bay  
  45  4:15  Engineering Bay  
  45  4:16  Marine, Supply Depot  
  46  4:19  Supply Depot  
  46  4:34  Terran Infantry Armor Level 1  
  46  4:38  SCV, Medivac, Marine, Supply Depot  
  50  4:43  Supply Depot  
  50  4:45  Supply Depot  
  50  4:48  Marine  
  51  4:58  Factory Tech Lab  
  51  5:04  Marine  
  51  5:06  Marine  
  53  5:17  Viking  
  53  5:20  Cyclone  
  57  5:22  Marine  
  57  5:23  Orbital Command  
  57  5:24  Orbital Command, Marine  
  55  5:53  Siege Tank  
  17  8:25  Command Center  
  17  8:47  Viking  
Tags
 
Add a new tag
Caveats
  • Supply blocks, unpowered buildings, or Contaminate may cause inaccurate times.
  • Supply counts are checked every 10 seconds.